 Dungeon Crawl Stone Soup version 0.21.1-1-g345015f (webtiles) character file.

1389 inc the Gouger (level 8, -4/34 HPs)
             Began as a Felid Chaos Knight on Feb 23, 2018.
             Slain by a killer bee (6 damage)
             ... on level 8 of the Dungeon.
             The game lasted 00:21:18 (9343 turns).

inc the Gouger (Felid Chaos Knight)                 Turns: 9343, Time: 00:21:19

Health: -4/34      AC:  4    Str:  8      XL:     8   Next: 40%
Magic:  9/9        EV: 22    Int: 18 (19) God:    Xom [....*.]
Gold:   375        SH:  4    Dex: 17 (18) Spells: 7/7 levels left
                                        Lives:  0   Deaths: 2

rFire    + . .     SeeInvis +     - Unarmed
rCold    . . .     Gourm    .   (shield unavailable)
rNeg     . . .     Faith    .   (armour unavailable)
rPois    +         Spirit   .   (helmet unavailable)
rElec    .         Reflect  .   (cloak unavailable)
rCorr    .         Harm     .   (gloves unavailable)
MR       ++...                  (boots unavailable)
Stlth    ++++......             (no amulet)
HPRegen  0.11/turn              e - +3 ring of dexterity
MPRegen  0.11/turn              m - ring of Hosic {rPois rF+ MR+ SInv}

@: lethally poisoned (-4 -> -6), quick
A: very small, no armour, no weapons or thrown items, stealth, claws 1, fangs 3,
large bone plates 1, molten scales 1, see invisible, carnivore, clever 1,
deterioration 1, speed 1, shaggy fur 2, slow metabolism 1, wild magic 1, sharp
paws
a: Renounce Religion


You were on level 8 of the Dungeon.
You worshipped Xom.
You were a beloved toy of Xom.
You were not hungry.

You visited 2 branches of the dungeon, and saw 10 of its levels.

You collected 375 gold pieces.

Inventory:

Jewellery
 e - a +3 ring of dexterity (left paw)
 g - an uncursed ring of fire
 m - the ring of Hosic (right paw) {rPois rF+ MR+ SInv}
   (You acquired it on level 8 of the Dungeon)

   [ring of poison resistance]

   It protects you from fire.
   It protects you from poison.
   It affects your resistance to hostile enchantments.
   It lets you see invisible.
 x - an uncursed ring of loudness
 z - a +4 ring of strength {unknown}
Wands
 n - a wand of scattershot (7)
 p - a wand of acid (6)
 q - a wand of enslavement (5)
 t - a wand of paralysis (10)
 y - a wand of polymorph (9)
Scrolls
 b - a scroll of enchant armour {unknown}
 d - a scroll of fear {unknown}
 f - 7 scrolls of identify
 h - 4 scrolls of remove curse
 i - 2 scrolls of amnesia {unknown}
 j - a scroll of fog
 k - 2 scrolls of blinking
 l - a scroll of teleportation
 s - a scroll of immolation
Potions
 c - a potion of cancellation
 o - a potion of flight
 u - 2 potions of magic
Books
 v - a book of Maledictions

   Spells                             Type                      Level
   a - Corona                         Hexes                        1
   b - Ensorcelled Hibernation        Hexes/Ice                    2
   c - Confuse                        Hexes                        3
   d - Tukima's Dance                 Hexes                        3
   e - Dazzling Spray                 Conjuration/Hexes            3
Comestibles
 a - 8 rations


   Skills:
 - Level 3.0 Fighting
 - Level 7.1 Dodging
 + Level 7.9 Stealth
 - Level 10.6 Unarmed Combat


You had 7 spell levels left.
You didn't know any spells.

Dungeon Overview and Level Annotations

Branches:
Dungeon (9/15)             Temple (1/1) D:4
   Lair: D:8-11         Orc: D:9-12

Altars:
Ashenzari
Cheibriados
Dithmenos
Elyvilon
Fedhas
Gozag
Hepliaklqana
Kikubaaqudgha
Makhleb
Nemelex Xobeh
Okawaru
Qazlal
Ru
Sif Muna
Trog
Uskayaw
Vehumet
Wu Jian
Xom
Yredelemnul
Zin
The Shining One

Shops:
D:4 *

Annotations:
D:2 Sigmund
D:3 1994's ghost, amateur OgHu
D:7 Cofein's ghost, novice FoFi
D:8 Maurice; Prince Ribbit


Innate Abilities, Weirdness & Mutations

You cannot wear armour.
You are incapable of wielding weapons or throwing items.
Your paws allow you to move quietly. (Stealth)
You have sharp claws.
You have razor-sharp teeth.
You have supernaturally acute eyesight. (SInv)
You are carnivorous and can eat meat at any time.
You cover ground quickly.
You are covered in thick fur. (AC +2)
You have a slow metabolism.
Your sharp claws are effective at attacking unaware monsters.
You are partially covered in large bone plates. (SH +4)
You are partially covered in molten scales. (AC +2)
Your mind is acute. (Int +2)
Your body sometimes deteriorates upon taking damage.
Your spells are a little harder to cast, but a little more powerful.


Message History

Unknown command.
You miss the killer bee.
The killer bee is almost dead.
The killer bee completely misses you.
You barely miss the killer bee.
The killer bee is almost dead.
The killer bee misses you. x2
You scratch the killer bee but do no damage.
The killer bee is almost dead.
* * * LOW HITPOINT WARNING * * *
You feel sick. The killer bee closely misses you.
You block the killer bee's attack.
You completely miss the killer bee. Your claw misses the killer bee.
The killer bee is almost dead.
You block the killer bee's attack.
Okay, then.
You miss the killer bee. You bite the killer bee.
The killer bee is almost dead.
The killer bee misses you. The killer bee stings you.
You die...

.# #.#### #. . .....
### #.#... #_. #.#.F#
# ##8 #....# ## .## #
#.# #....# .# #.. .
##. ##...# .#.# .# ##.
###y#####.####.#####..
#ry@....#...........
####.........#####..
#...###.#### ##. #...#
#.# #. #...# #.# ###.
##..# #.#######.#.
#...##........#..
#.#.....####.###.
#....#..# ##.#.#


You could see 2 killer bees and a quokka.

Vanquished Creatures
  Pikel (D:5)
  Grinder (D:6)
  A slave (D:6)
  An orc warrior (D:7)
  An ice beast (D:8)
  3 phantoms
  A sky beast (D:6)
  4 ogres
  Blork the orc (D:6)
  A bullfrog (D:7)
  3 killer bees
  2 howler monkeys
  A hound (D:5)
  2 bullfrog zombies
  A bullfrog skeleton (D:6)
  3 orc priests
  3 orc wizards
  A centaur skeleton (D:5)
  2 iguanas
  2 worker ants
  An ogre zombie (D:9)
  2 worker ant zombies
  6 adders
  A shadow imp (D:7)
  An ooze (D:1)
  2 adder zombies
  2 worms (D:2)
  2 leopard geckos
  36 orcs
  3 giant cockroaches
  9 goblins
  6 hobgoblins
  4 jackals (D:5)
  3 quokkas
  2 ball pythons
  7 bats
  6 frilled lizards
  A hobgoblin skeleton (D:9)
  12 kobolds
  An orc skeleton (D:9)
  2 orc zombies (D:9)
  A quokka skeleton (D:4)
  5 rats
  A fungus (D:3)
151 creatures vanquished.

Vanquished Creatures (others)
  A hound zombie (D:6)
  A shadow imp (D:6)
  4 orcs
6 creatures vanquished.

Grand Total: 157 creatures vanquished

Notes
Turn   | Place    | Note
-------+----------+-------------------------------------------
     0 | D:1      | inc the Felid Chaos Knight began the quest for the Orb.
     0 | D:1      | Reached XP level 1. HP: 10/10 MP: 2/2
    11 | D:1      | XOM: harmless Pois miscast
   200 | D:1      | Reached XP level 2. HP: 11/14 MP: 3/3
   246 | D:1      | XOM: butterfly on damage
   972 | D:1      | Reached skill level 4 in Unarmed Combat
  1174 | D:1      | XOM: divination: magic mapping
  1528 | D:1      | XOM is BORED!
  1528 | D:1      | XOM: harmless Fire miscast
  1677 | D:1      | Reached XP level 3. HP: 17/17 MP: 4/4
  1797 | D:2      | XOM: divination: detect creatures
  1825 | D:2      | XOM: harmless Tmut miscast
  1913 | D:2      | XOM: butterfly on damage
  2149 | D:2      | XOM: polymorph kobold -> rat
  2160 | D:2      | XOM is BORED!
  2160 | D:2      | XOM: medium Pois miscast
  2274 | D:2      | XOM: cloud trail
  2496 | D:2      | Noticed Sigmund
  2531 | D:2      | XOM: harmless Fire miscast
  2634 | D:2      | XOM: divination: detect items
  2643 | D:2      | XOM: divination: detect creatures
  2677 | D:2      | Found a sacrificial altar of Ru.
  2700 | D:2      | XOM: smoke on damage
  3310 | D:3      | Reached XP level 4. HP: 18/21 MP: 5/5
  3324 | D:3      | XOM: noise
  3735 | D:3      | Noticed 1994's ghost (amateur OgHu)
  3736 | D:3      | XOM: scenery: create altars
  3750 | D:3      | XOM: swap monsters
  3964 | D:3      | XOM: enchant monster (bad)
  3969 | D:3      | XOM: smoke on damage
  3978 | D:3      | Reached skill level 5 in Dodging
  4141 | D:3      | XOM: harmless Fire miscast
  4145 | D:3      | Reached XP level 5. HP: 18/24 MP: 6/6
  4148 | D:3      | XOM: confusion
  4154 | D:3      | Slain by 1994's ghost
  4155 | D:3      | Reached XP level 4. HP: -2/21 MP: 5/5
  4170 | D:4      | Found Oxicoce's Elemental Accessories.
  4178 | D:4      | Noticed a phantom
  4178 | D:4      | XOM: confuse monster(s)
  4205 | D:4      | Noticed an ogre
  4213 | D:4      | XOM: confuse monster(s)
  4216 | D:4      | Killed an ogre
  4216 | D:4      | Reached XP level 5. HP: 23/24 MP: 6/6
  4390 | D:3      | XOM: god gift: wand of scattershot (7)
  4438 | D:3      | XOM: silly message
  4595 | D:4      | Found a staircase to the Ecumenical Temple.
  4601 | D:4      | XOM: harmless Summ miscast
  4610 | D:4      | XOM: divination: magic mapping
  4618 | D:4      | XOM: god gift: gnarled glowing staff {god gift}
  4631 | D:4      | XOM: fake destruction
  4653 | Temple   | Entered the Ecumenical Temple
  4954 | D:5      | Entered Level 5 of the Dungeon
  4980 | D:5      | XOM: 1-stop teleportation journey
  4996 | D:5      | Noticed an ogre
  5002 | D:5      | XOM: destruction
  5012 | D:5      | Killed an ogre
  5012 | D:5      | Reached skill level 5 in Unarmed Combat
  5062 | D:5      | Gained mutation: You are covered in thick fur. (AC +2) [Felid growth]
  5062 | D:5      | Reached XP level 6. HP: 19/28 MP: 7/7
  5075 | D:5      | XOM: give mutations
  5075 | D:5      | Gained mutation: You are partially covered in molten scales. (AC +2) [Xom's grace]
  5075 | D:5      | Gained mutation: Your mind is acute. (Int +2) [Xom's grace]
  5075 | D:5      | Gained mutation: You are partially covered in large bone plates. (SH +4) [Xom's grace]
  5075 | D:5      | Gained mutation: Your spells are a little harder to cast, but a little more powerful. [Xom's grace]
  5655 | D:5      | XOM: fake destruction
  5660 | D:5      | XOM: cleaving
  5661 | D:5      | XOM: scenery: 1 doors open, 2 doors close
  5676 | D:5      | Reached skill level 6 in Unarmed Combat
  5900 | D:5      | Reached XP level 7. HP: 22/31 MP: 8/8
  5905 | D:5      | XOM: god gift: scroll labeled AFATHEY IDGHISI {god gift}
  6137 | D:5      | Reached skill level 7 in Unarmed Combat
  6206 | D:5      | XOM: divination: detect items
  6428 | D:4      | XOM: divination: detect items
  6521 | D:4      | XOM: silly message
  6628 | D:4      | XOM: draining
  6703 | D:6      | XOM: stealth player
  6707 | D:6      | Noticed Pikel
  6725 | D:6      | XOM: divination: magic mapping
  6745 | D:6      | XOM: swap monsters
  6751 | D:6      | XOM: cast spell 'Leda's Liquefaction'
  6756 | D:5      | XOM: swap monsters
  6761 | D:5      | Killed Pikel
  6761 | D:5      | Reached skill level 9 in Unarmed Combat
  6761 | D:5      | Reached XP level 8. HP: 32/34 MP: 9/9
  6900 | D:6      | Noticed Grinder
  6977 | D:6      | Noticed Blork the orc
  6982 | D:6      | XOM: medium Fire miscast
  6993 | D:6      | Killed Blork the orc
  7140 | D:6      | Found a sparkling altar of Nemelex Xobeh.
  7322 | D:6      | Reached skill level 10 in Unarmed Combat
  7326 | D:6      | XOM: fake destruction
  7556 | D:6      | Found an ornate altar of the Wu Jian Council.
  7649 | D:7      | XOM: stat loss: -1 Str (7/8)
  7672 | D:7      | XOM: medium Air miscast
  7983 | D:7      | XOM: noise
  8070 | D:7      | Noticed Cofein's ghost (novice FoFi)
  8077 | D:8      | XOM: confusion
  8155 | D:8      | XOM: polymorph jelly -> howler monkey
  8188 | D:7      | XOM: cleaving
  8481 | D:6      | Killed Grinder
  8618 | D:6      | Reached skill level 5 in Stealth
  8618 | D:6      | Reached XP level 9. HP: 37/37 MP: 10/10
  8769 | D:7      | Found a hazy altar of Hepliaklqana.
  8786 | D:7      | XOM: medium Hex miscast
  8796 | D:7      | XOM: cleaving
  8802 | D:7      | XOM: mild Tmut miscast
  8818 | D:7      | Slain by a killer bee
  8819 | D:7      | Reached XP level 8. HP: -2/34 MP: 9/9
  8829 | D:8      | Noticed Maurice
  8894 | D:9      | Noticed a two-headed ogre
  9007 | D:9      | Noticed a hippogriff
  9017 | D:9      | XOM: 1-stop teleportation journey
  9022 | D:8      | Noticed a polar bear
  9035 | D:8      | XOM: harmless Air miscast
  9040 | D:8      | Identified a scroll of acquirement
  9041 | D:8      | Got a coiled marble ring
  9056 | D:8      | Found a shadowy altar of Dithmenos.
  9134 | D:8      | XOM: give mutations
  9134 | D:8      | Gained mutation: Your body sometimes deteriorates upon taking damage. [Xom's mischief]
  9135 | D:8      | Identified the ring of Hosic {rPois rF+ MR+ SInv} (You acquired it on level 8 of the Dungeon)
  9267 | D:8      | Found a white marble altar of Elyvilon.
  9306 | D:8      | Noticed Prince Ribbit
  9322 | D:8      | XOM: enchant monster (good)
  9332 | D:8      | XOM: enchant monster (good)
  9343 | D:8      | Slain by a killer bee

Skill      XL: |  1  2  3  4  5  6  7  8  9 |
---------------+----------------------------+-----
Unarmed Combat | 4 5 6 9 10 | 10.6
Dodging        | 4 7 |  7.1
Stealth        | 7 6 |  7.9
Fighting       | |  3.0

Action                   |  1- 3 |  4- 6 |  7- 9 || total
-------------------------+-------+-------+-------++-------
Melee: Unarmed           |   161 |   199 |   310 ||   670
       Bite              |    15 |    20 |    21 ||    56
       Punch             |       |     7 |    16 ||    23
  Use: Potion            |     4 |     2 |     4 ||    10
       Scroll            |       |       |     8 ||     8
 Stab: Sleeping          |     6 |     3 |     7 ||    16
       Distracted        |       |       |     1 ||     1
  Eat: Chunk             |    11 |     4 |     6 ||    21
       Ration            |       |       |     1 ||     1
Armor: Skin              |     6 |    11 |    24 ||    41
Dodge: Dodged            |   106 |   161 |   253 ||   520
Block: Other             |       |     6 |    48 ||    54
